Map: Dusk Towers

Players

ObiWanKanoli - Winner!

  • Race: Protoss Protoss
  • League: Silver

Itachi

  • Race: Protoss Protoss
  • League: Silver

VOD

Have the link to the VOD?

Description

PVP what went wrong??

Time

  • Played on: Jan. 25, 2016, 12:48 p.m.
  • Length: 13:13
Show
View Real Time Build Order
Export as new Build Order

ObiWanKanoli Protoss - Winner!

Build Orders: Nexus First 

Get SALT Encoding   

  12  0:02  Probe (Chrono Boost)  
  13  0:12  Probe (Chrono Boost)  
  14  0:23  Pylon  
  14  0:26  Probe (Chrono Boost)  
  15  0:56  Nexus  
  15  0:58  Probe (Chrono Boost)  
  16  1:14  Gateway  
  16  1:17  Probe (Chrono Boost)  
  17  1:20  Assimilator  
  17  1:36  Probe (Chrono Boost)  
  17  1:38  Assimilator  
  18  2:06  Cybernetics Core  
  18  2:09  Gateway  
  18  2:10  Gateway  
  18  2:15  Pylon  
  18  2:36  Probe (Chrono Boost)  
  19  2:43  Gateway  
  19  2:45  Probe (Chrono Boost)  
  20  2:56  Probe (Chrono Boost)  
  20  2:57  Probe (Chrono Boost)  
  22  3:00  Warp Gate  
  22  3:08  Mothership Core (Chrono Boost)  
  24  3:15  Adept  
  24  3:16  Sentry  
  24  3:19  Sentry  
  30  3:21  Probe (Chrono Boost)  
  31  3:28  Probe (Chrono Boost)  
  32  3:36  Adept  
  32  3:39  Probe (Chrono Boost)  
  36  3:41  Probe (Chrono Boost)  
  36  3:52  Probe (Chrono Boost)  
  36  3:53  Robotics Facility  
  37  4:04  Sentry, Stalker  
  37  4:09  Probe (Chrono Boost)  
  42  4:18  Pylon  
  42  4:20  Pylon  
  42  4:30  Probe x2 (Chrono Boost)  
  44  4:40  Probe x2 (Chrono Boost), Warp Prism (Chrono Boost)  
  48  4:50  Probe  
  48  4:52  Probe  
  50  5:04  Probe  
  51  5:14  Adept x3  
  53  5:15  Adept  
  59  5:29  Probe  
  59  5:35  Gateway  
  60  5:37  Gateway  
  60  5:41  Probe, Pylon  
  61  5:45  Probe  
  61  5:48  Pylon  
  62  5:58  Probe  
  62  5:59  Probe  
  62  6:00  Immortal (Chrono Boost), Pylon  
  62  6:01  Pylon  
  62  6:04  Pylon  
  68  6:08  Probe  
  68  6:09  Assimilator  
  69  6:11  Probe  
  69  6:14  Assimilator  
  70  6:31  Adept x2  
  70  6:32  Adept x2  
  72  6:53  Stalker x3  
  72  6:54  Stalker  
  78  7:00  Immortal (Chrono Boost)  
  82  7:06  Probe  
  83  7:16  Probe  
  84  7:22  Stalker  
  84  7:23  Stalker x4  
  84  7:24  Sentry  
  94  7:47  Nexus  
  94  7:49  Pylon  
  94  7:51  Stalker, Pylon  
  94  7:52  Stalker x3  
  94  7:53  Pylon  
  102  8:04  Stargate x2  
  102  8:17  Pylon  
  102  8:18  Pylon  
  102  8:20  Pylon  
  102  8:25  Twilight Council, Forge  
  102  8:27  Stalker x2  
  102  8:33  Stalker  
  108  8:48  Stalker x2  
  108  8:49  Stalker  
  114  8:57  Probe  
  114  9:01  Probe  
  114  9:02  Probe  
  117  9:08  Probe  
  118  9:11  Probe  
  118  9:14  Probe  
  112  9:18  Probe  
  103  9:29  Probe  
  103  9:31  Stalker x5  
  110  9:32  Stalker  
  106  10:09  Stalker x3  
  106  10:11  Stalker x3  
  112  10:27  Probe  
  102  10:31  Void Ray x2  
  103  10:36  Stalker  
  103  10:37  Probe  
  94  10:48  Probe  
  90  10:50  Observer (Chrono Boost)  
  90  10:52  Stalker x3  
  90  10:53  Stalker  
  98  10:58  Probe  
  98  10:59  Assimilator  
  99  11:08  Observer (Chrono Boost)  
  99  11:09  Probe  
  101  11:14  Void Ray x2  
  101  11:17  Stalker x3  
  111  11:32  Stalker x3  
  109  11:45  Stalker x3  
  101  11:59  Stalker x3  
  107  12:20  Stalker x3  
  113  12:33  Immortal (Chrono Boost)  
  121  12:48  Assimilator  
  119  13:08  Stalker  
  119  13:09  Stalker x2  
Show
View Real Time Build Order
Export as new Build Order

Itachi Protoss 

Build Orders: 1 Gate Expand 

Get SALT Encoding   

  12  0:01  Probe (Chrono Boost)  
  13  0:11  Probe (Chrono Boost)  
  14  0:23  Pylon  
  14  0:28  Probe (Chrono Boost)  
  15  0:41  Gateway  
  15  0:44  Probe (Chrono Boost)  
  16  0:53  Assimilator  
  16  0:55  Probe (Chrono Boost)  
  17  1:07  Assimilator  
  17  1:08  Probe (Chrono Boost)  
  18  1:19  Probe (Chrono Boost)  
  19  1:37  Nexus  
  19  1:43  Probe (Chrono Boost), Pylon  
  20  1:53  Cybernetics Core  
  20  2:13  Probe (Chrono Boost)  
  20  2:15  Zealot  
  23  2:19  Pylon  
  23  2:45  Gateway x2  
  23  2:48  Gateway  
  23  2:49  Warp Gate (Chrono Boost)  
  23  2:51  Pylon  
  23  2:52  Mothership Core (Chrono Boost)  
  23  2:57  Probe (Chrono Boost)  
  26  3:06  Probe (Chrono Boost)  
  26  3:10  Probe (Chrono Boost)  
  28  3:16  Probe  
  29  3:22  Probe  
  30  3:27  Stalker  
  30  3:28  Probe  
  34  3:34  Probe  
  34  3:35  Adept  
  34  3:39  Probe  
  37  3:44  Forge  
  37  3:50  Pylon  
  37  3:55  Probe  
  37  3:56  Probe  
  39  4:13  Robotics Facility  
  39  4:17  Protoss Ground Weapons Level 1 (Chrono Boost)  
  39  4:24  Twilight Council  
  39  4:27  Probe  
  39  4:29  Probe  
  41  4:44  Probe  
  41  4:45  Probe  
  41  4:50  Assimilator  
  43  4:53  Assimilator  
  43  4:55  Stalker x4  
  51  5:06  Probe  
  51  5:08  Probe  
  53  5:18  Pylon  
  53  5:20  Zealot  
  53  5:21  Zealot x3  
  61  5:29  Immortal  
  66  5:42  Probe  
  66  5:43  Photon Cannon  
  66  5:50  Charge  
  66  5:51  Photon Cannon  
  66  5:56  Probe  
  66  5:58  Probe  
  68  6:09  Protoss Ground Armor Level 1 (Chrono Boost)  
  68  6:11  Stalker  
  68  6:13  Zealot x3  
  76  6:20  Gateway  
  76  6:26  Observer  
  69  6:42  Stalker x4  
  73  6:59  Photon Cannon  
  73  7:02  Probe, Pylon  
  73  7:03  Probe  
  75  7:12  Probe  
  76  7:15  Probe  
  76  7:19  Pylon  
  76  7:20  Immortal  
  76  7:22  Pylon  
  81  7:23  Pylon  
  81  7:26  Stalker  
  81  7:27  Stalker  
  85  7:30  Pylon  
  73  7:54  Stalker x5  
  83  8:07  Stargate  
  83  8:09  Probe  
  83  8:10  Probe, Dark Shrine  
  85  8:37  Nexus  
  85  8:42  Pylon  
  85  8:46  Pylon  
  85  8:47  Immortal  
  89  8:48  Stalker  
  89  8:50  Sentry x2  
  89  8:51  Sentry, Pylon  
  89  8:54  Pylon  
  97  9:06  Oracle  
  82  9:19  Stalker x2  
  82  9:20  Stalker  
  82  9:21  Stalker  
  60  9:34  Dark Templar  
  62  9:55  Stalker x2  
  62  9:57  Dark Templar  
  53  10:10  Dark Templar  
  51  10:21  Dark Templar  
  53  10:30  Dark Templar  
  55  10:54  Pylon  
  55  10:58  Pylon  
  55  11:00  Stalker x2, Forge  
  59  11:09  Dark Templar  
  61  11:26  Gateway  
  61  11:27  Gateway  
  61  11:30  Gateway  
  61  11:32  Gateway  
  61  11:39  Nexus  
  44  12:17  Pylon  
  44  12:19  Pylon  
  44  12:23  Pylon  
  44  12:32  Dark Templar x5  
  54  12:59  Photon Cannon  
  54  13:00  Photon Cannon  
Tags
 
Add a new tag
Caveats
  • Supply blocks, unpowered buildings, or Contaminate may cause inaccurate times.
  • Supply counts are checked every 10 seconds.